 Dungeon Crawl Stone Soup version 0.19-a0-1013-g40768a3 (webtiles) character file.

115 Gagarin the Ducker (level 4, -6/34 HPs)
             Began as a Demonspawn Gladiator on July 24, 2016.
             Mangled by a kobold
             ... wielding a +0 short sword of electrocution
              (10 damage)
             ... on level 3 of the Dungeon.
             The game lasted 00:04:45 (2149 turns).

Gagarin the Ducker (Demonspawn Gladiator)           Turns: 2149, Time: 00:04:45

Health: -6/34      AC:  4    Str: 15    XL:     4   Next: 68%
Magic:  4/4        EV: 13    Int: 11    God:
Gold:   147        SH:  0    Dex: 13    Spells: 0 memorised, 3 levels left

rFire  . . .     SeeInvis .     a - +0 quarterstaff
rCold  . . .     Gourm    .     o - +0 leather armour (curse)
rNeg   . . .     Faith    .     (shield currently unavailable)
rPois  .         Spirit   .     c - +0 helmet
rElec  .         Dismiss  .     (no cloak)
rCorr  .         Reflect  .     (no gloves)
SustAt .         Harm     .     (no boots)
MR     .....                    (no amulet)
Stlth  +.........               (no ring)
                                (no ring)

@: lethally poisoned (-6 -> -7), not resistant to hostile enchantments, very
unstealthy
A: hooves 1, powered by death 1
a: no special abilities


You were on level 3 of the Dungeon.
You were not hungry.

You visited 1 branch of the dungeon, and saw 3 of its levels.

You collected 147 gold pieces.

Inventory:

Hand Weapons
 a - a +0 quarterstaff (weapon)
Missiles
 b - 52 arrows
 d - a throwing net (quivered)
 p - 16 bolts
Armour
 c - a +0 helmet (worn)
 o - a cursed +0 leather armour (worn)
Jewellery
 r - a cursed ring of teleportation {unknown}
Wands
 x - a wand of random effects (31/48)
Scrolls
 e - a scroll of immolation {unknown}
 i - a scroll of remove curse {unknown}
 m - 2 scrolls of teleportation {unknown}
 n - 3 scrolls of noise {unknown}
 q - 2 scrolls of blinking {unknown}
 u - 2 scrolls of identify {unknown}
 y - a scroll of fog {unknown}
Potions
 g - a potion of degeneration {unknown}
 h - a potion of agility {unknown}
 j - 2 potions of might {unknown}
 l - a potion of resistance
 s - a potion of heal wounds
 t - a potion of curing {unknown}
Comestibles
 f - 4 bread rations
 k - a slice of pizza
 v - 2 chunks of flesh
 w - a beef jerky


   Skills:
 + Level 2.7 Fighting
 + Level 3.3 Staves
 + Level 2.0 Throwing
 + Level 1.4 Armour
 + Level 3.4 Dodging
 + Level 0.6 Stealth


You had 3 spell levels left.
You didn't know any spells.

Dungeon Overview and Level Annotations

Branches:
Dungeon (3/15)

Altars:


Innate Abilities, Weirdness & Mutations

You have large cloven feet.
You regenerate a little health from kills.


Message History

The adder bites you but does no damage.
Your leather armour prevents you from hitting the adder.
The adder is heavily wounded.
The adder barely misses you.
You closely miss the adder.
The adder is heavily wounded.
You feel sick. The adder bites you.
You are more poisoned.
The adder poisons you!
You thump the adder!
You kill the adder!
Your Throwing skill increases to level 2!
You feel sick.
You closely miss the kobold.
You feel sick. The kobold hits you but does no damage.
You are electrocuted!
Ouch! That really hurt!
* * * LOW HITPOINT WARNING * * *
You closely miss the kobold. You kick the kobold, but do no damage.
The kobold hits you but does no damage.
You are electrocuted!
You die...

#.# #. ###.#########.##
#.....##.......###
##.#.#.##.# ......#
#[......#.##.#..#.#
#..#.........#..#.##..#.
.#..###).#.####..>...o..<
.[....#..#.#####K###...#.
#.#.......#....@Ko# ...
...#.##.##.######### . ##
#.......# #.......#
#.##.##.# #.##.##.#
#.##.##.# #<##.##.#
#.##.##.#


You could see an orc and 2 kobolds.

Vanquished Creatures
  Terence (D:2)
  3 adders
  5 worms (D:2)
  2 dart slugs
  A giant gecko (D:1)
  A giant cockroach (D:2)
  8 hobgoblins
  4 jackals (D:1)
  5 bats
  2 giant newts (D:2)
  7 goblins
  3 kobolds (D:2)
  A rat (D:1)
43 creatures vanquished.

Notes
Turn   | Place    | Note
-------+----------+-------------------------------------------
     0 | D:1      | Gagarin the Demonspawn Gladiator began the quest for the Orb.
     0 | D:1      | Reached XP level 1. HP: 16/16 MP: 1/1
   406 | D:1      | Gained mutation: You have large cloven feet. [demonic ancestry]
   406 | D:1      | Reached XP level 2. HP: 22/22 MP: 2/2
  1055 | D:2      | Gained mutation: You regenerate a little health from kills. [demonic ancestry]
  1055 | D:2      | Reached XP level 3. HP: 18/28 MP: 3/3
  1531 | D:2      | Reached skill level 1 in Armour
  1535 | D:2      | Noticed Terence
  1546 | D:2      | Killed Terence
  1546 | D:2      | Reached XP level 4. HP: 30/34 MP: 4/4
  2149 | D:3      | Mangled by a kobold

Vault maps used:
D:1:      dpeg_arrival_short_road
D:2:      first_bread, uniq_terence
D:3:      st_stairs_14, minmay_misc_feat_roman

Skill      XL: |  1  2  3  4 |
---------------+-------------+-----
Dodging        | 3 |  3.4
Staves         | 3 |  3.3
Armour         | 1 |  1.4
Throwing       | 2 |  2.0
Fighting       | |  2.7
Stealth        | |  0.6

Action                   |  1- 3 |  4- 6 || total
-------------------------+-------+-------++-------
Melee: Quarterstaff      |   123 |    54 ||   177
       Kick              |    17 |    15 ||    32
Throw: Throwing net      |     9 |     2 ||    11
 Stab: Held in net/web   |     1 |     2 ||     3
  Eat: Chunk             |     2 |     2 ||     4
Armor: Leather armour    |    32 |    12 ||    44
Dodge: Dodged            |    69 |    35 ||   104
